TOP OF THE 1ST |
Athletic Club KC Reserves batting - Pitching for Naperville Battlekings : RHP William Peck
|
Pitching: RHP William Peck
|
|
Batting: LHB Michael Landry
|
0-0: Reached on Error, E6 (Popup, 56)
|
Batting: SHB Don Holmes
|
0-0: Ball 1-0: Foul Ball, location: 2F 1-1: Ball 2-1: Ball 3-1: Foul Ball, location: 2F 3-2: Foul Ball, location: 2F 3-2: Base on Balls Michael Landry to second
|
Batting: RHB Robert Hill
|
0-0: Fly out, F8 (Flyball, 8LS)
|
Batting: RHB Dao-zi Dai
|
0-0: Called Strike Michael Landry steals 3rd base Don Holmes to second 0-1: Ball 1-1: SINGLE (Groundball, 56D) Michael Landry scores Don Holmes to third Runner from 3rd tries for Home, SAFE, no throw or cutoff
|
Batting: LHB Eduardo López
|
0-0: Reached on error, E5 (Groundball, 5S) Dao-zi Dai to second
|
Batting: RHB Manuel Villarreal
|
0-0: Ball 1-0: Ball 2-0: Foul Ball, location: 2F 2-1: Foul Ball, location: 2F 2-2: Foul Ball, location: 2F 2-2: Ball 3-2: Base on Balls Dao-zi Dai to third Eduardo López to second
|
Batting: RHB Mike Lovell
|
0-0: SINGLE (Flyball, 89S) Dao-zi Dai scores Eduardo López to third Manuel Villarreal to second
|
Batting: LHB Matt Hartnett
|
0-0: Ball 1-0: Ball 2-0: Called Strike 2-1: Foul Ball, location: 2F 2-2: Fly out, F5 (Line Drive, 56)
|
Batting: RHB Javier Díaz
|
0-0: Ground out 6-3 (Groundball, 6)
|
Top of the 1st over - 3 run(s), 2 hit(s), 2 error(s), 3 left on base; Athletic Club KC 3 - Naperville 0 |
BOTTOM OF THE 1ST |
Naperville Battlekings batting - Pitching for Athletic Club KC Reserves : RHP Torvald Geertsen
|
Pitching: RHP Torvald Geertsen
|
|
Batting: RHB Matt Love
|
0-0: Foul Ball, location: 2F 0-1: Ball 1-1: Swinging Strike 1-2: Ball 2-2: Ball 3-2: Ground out 4-3 (Groundball, 4M)
|
Batting: SHB Daryl Lloyd
|
0-0: Ball 1-0: Foul Ball, location: 2F 1-1: Ground out 3-1 (Groundball, 3)
|
Batting: LHB Cristo Ramírez
|
0-0: Ball 1-0: Called Strike 1-1: Swinging Strike 1-2: Strikes out swinging
|
Bottom of the 1st over - 0 run(s), 0 hit(s), 0 error(s), 0 left on base; Athletic Club KC 3 - Naperville 0 |
TOP OF THE 2ND |
Athletic Club KC Reserves batting - Pitching for Naperville Battlekings : RHP William Peck
|
Batting: LHB Michael Landry
|
0-0: Ball 1-0: Ball 2-0: Ball 3-0: Called Strike 3-1: Foul Ball, location: 2F 3-2: SINGLE (Groundball, 34D) (infield hit)
|
Batting: SHB Don Holmes
|
0-0: Ball 1-0: Ball 2-0: Fly out, F8 (Flyball, 8RD)
|
Batting: RHB Robert Hill
|
0-0: Swinging Strike 0-1: Ball Balk! Michael Landry to second 1-1: Foul Ball, location: 2F 1-2: Ground out 6-3 (Groundball, 6) Michael Landry to third
|
Batting: RHB Dao-zi Dai
|
0-0: Foul Ball, location: 2F 0-1: Foul Ball, location: 2F 0-2: Foul Ball, location: 2F 0-2: Foul Ball, location: 2F 0-2: Strikes out swinging
|
Top of the 2nd over - 0 run(s), 1 hit(s), 0 error(s), 1 left on base; Athletic Club KC 3 - Naperville 0 |
BOTTOM OF THE 2ND |
Naperville Battlekings batting - Pitching for Athletic Club KC Reserves : RHP Torvald Geertsen
|
Batting: LHB Joe Cashmore
|
0-0: Called Strike 0-1: Ball 1-1: Foul Ball, location: 2F 1-2: Fly out, F7 (Line Drive, 7M)
|
Batting: RHB Álex Rodríguez
|
0-0: Ground out 5-3 (Groundball, 5S)
|
Batting: RHB Edward Payne
|
0-0: SINGLE (Line Drive, 6MD)
|
Batting: SHB Val Brown
|
0-0: Fly out, F8 (Flyball, 8RD)
|
Bottom of the 2nd over - 0 run(s), 1 hit(s), 0 error(s), 1 left on base; Athletic Club KC 3 - Naperville 0 |
TOP OF THE 3RD |
Athletic Club KC Reserves batting - Pitching for Naperville Battlekings : RHP William Peck
|
Batting: LHB Eduardo López
|
0-0: Foul Ball, location: 2F 0-1: Foul Ball, location: 2F 0-2: Strikes out swinging
|
Batting: RHB Manuel Villarreal
|
0-0: Ball 1-0: Ball 2-0: Foul Ball, location: 2F 2-1: Ball 3-1: Swinging Strike 3-2: Base on Balls
|
Batting: RHB Mike Lovell
|
0-0: Called Strike 0-1: Ball 1-1: Fly out, F7 (Line Drive, 7S)
|
Batting: LHB Matt Hartnett
|
0-0: Called Strike 0-1: Foul Ball, location: 2F 0-2: Ball 1-2: Ball 2-2: Ground out 5-3 (Groundball, 15S)
|
Top of the 3rd over - 0 run(s), 0 hit(s), 0 error(s), 1 left on base; Athletic Club KC 3 - Naperville 0 |
BOTTOM OF THE 3RD |
Naperville Battlekings batting - Pitching for Athletic Club KC Reserves : RHP Torvald Geertsen
|
Batting: RHB Joe Ferneyhough
|
0-0: Ground out 5-3 (Groundball, 5S)
|
Batting: LHB Alfonso Martínez
|
0-0: Called Strike 0-1: Ball 1-1: Ball 2-1: SINGLE (Groundball, 4M)
|
Batting: RHB Matt Love
|
0-0: Ball 1-0: Foul Ball, location: 2F 1-1: Ball 2-1: Ball Alfonso Martínez steals 2nd base 3-1: Base on Balls
|
Batting: SHB Daryl Lloyd
|
0-0: Called Strike 0-1: Ball 1-1: Foul Ball, location: 2F 1-2: Fielders Choice at 2nd, 4-6 (Groundball, 4) Alfonso Martínez to third
|
Batting: LHB Cristo Ramírez
|
0-0: Ball 1-0: Ball 2-0: Ground out 3-1 (Groundball, 34)
|
Bottom of the 3rd over - 0 run(s), 1 hit(s), 0 error(s), 2 left on base; Athletic Club KC 3 - Naperville 0 |
TOP OF THE 4TH |
Athletic Club KC Reserves batting - Pitching for Naperville Battlekings : RHP William Peck
|
Batting: RHB Javier Díaz
|
0-0: Ball 1-0: Foul Ball, location: 2F 1-1: Swinging Strike 1-2: Fly out, F3 (Popup, 4)
|
Batting: LHB Michael Landry
|
0-0: Called Strike 0-1: Ball 1-1: Foul Ball, location: 2F 1-2: Ground out 3-1 (Groundball, 3)
|
Batting: SHB Don Holmes
|
0-0: Ball 1-0: Foul Ball, location: 2F 1-1: SINGLE (Line Drive, 89S)
|
Batting: RHB Robert Hill
|
0-0: Called Strike 0-1: Ground out 6-3 (Groundball, 6)
|
Top of the 4th over - 0 run(s), 1 hit(s), 0 error(s), 1 left on base; Athletic Club KC 3 - Naperville 0 |
BOTTOM OF THE 4TH |
Naperville Battlekings batting - Pitching for Athletic Club KC Reserves : RHP Torvald Geertsen
|
Pitching: RHP Joe Ellis
|
|
Batting: LHB Joe Cashmore
|
0-0: Ground out 4-3 (Groundball, 4)
|
Batting: RHB Álex Rodríguez
|
0-0: Called Strike 0-1: Fly out, F2 (Popup, 2LF)
|
Batting: RHB Edward Payne
|
0-0: Called Strike 0-1: Ball 1-1: Fly out, F9 (Flyball, 9D)
|
Bottom of the 4th over - 0 run(s), 0 hit(s), 0 error(s), 0 left on base; Athletic Club KC 3 - Naperville 0 |
TOP OF THE 5TH |
Athletic Club KC Reserves batting - Pitching for Naperville Battlekings : RHP William Peck
|
Batting: RHB Dao-zi Dai
|
0-0: Ball 1-0: Foul Ball, location: 2F 1-1: SINGLE (Groundball, 6D)
|
Batting: LHB Eduardo López
|
0-0: Fly out, F2 (Popup, 2LF)
|
Batting: RHB Manuel Villarreal
|
0-0: Called Strike 0-1: Swinging Strike 0-2: Foul Ball, location: 2F 0-2: Strikes out swinging
|
Batting: RHB Mike Lovell
|
0-0: Ball 1-0: Ground out 1-3 (Groundball, 13)
|
Top of the 5th over - 0 run(s), 1 hit(s), 0 error(s), 1 left on base; Athletic Club KC 3 - Naperville 0 |
BOTTOM OF THE 5TH |
Naperville Battlekings batting - Pitching for Athletic Club KC Reserves : RHP Joe Ellis
|
Batting: SHB Val Brown
|
0-0: Called Strike 0-1: Ball 1-1: Ball 2-1: Foul Ball, location: 2F 2-2: Ball 3-2: Ground out 6-3 (Groundball, 6M)
|
Batting: RHB Joe Ferneyhough
|
0-0: Ball 1-0: Swinging Strike 1-1: Foul Ball, location: 2F 1-2: Ball 2-2: Strikes out swinging
|
Batting: LHB Alfonso Martínez
|
0-0: Called Strike 0-1: Ball 1-1: Ball 2-1: Foul Ball, location: 2F 2-2: Ball 3-2: Base on Balls
|
Batting: RHB Matt Love
|
0-0: Ball 1-0: Swinging Strike 1-1: Ball 2-1: Ball 3-1: Foul Ball, location: 2F 3-2: Base on Balls Alfonso Martínez to second
|
Batting: SHB Daryl Lloyd
|
0-0: Called Strike 0-1: Ball 1-1: Foul Ball, location: 2F 1-2: Ball 2-2: Reached on error, E4 (Groundball, 34) Alfonso Martínez to third Matt Love to second
|
Batting: LHB Cristo Ramírez
|
0-0: Ball 1-0: SINGLE (Line Drive, 34D) Alfonso Martínez scores Matt Love to third Daryl Lloyd to second
|
Batting: LHB Joe Cashmore
|
0-0: Ball 1-0: Foul Ball, location: 2F 1-1: Ground out 4-3 (Groundball, 4)
|
Bottom of the 5th over - 1 run(s), 1 hit(s), 1 error(s), 3 left on base; Athletic Club KC 3 - Naperville 1 |
TOP OF THE 6TH |
Athletic Club KC Reserves batting - Pitching for Naperville Battlekings : RHP William Peck
|
Batting: LHB Matt Hartnett
|
0-0: Called Strike 0-1: Ball 1-1: SINGLE (Line Drive, 6M)
|
Batting: RHB Javier Díaz
|
0-0: Ball Matt Hartnett steals 2nd base 1-0: Ball 2-0: DOUBLE (Line Drive, 3D) Matt Hartnett scores
|
Batting: LHB Michael Landry
|
0-0: Ball 1-0: Ball 2-0: Ball 3-0: Base on Balls
|
Batting: SHB Don Holmes
|
0-0: Ball 1-0: Bunted foul 1-1: Bunted foul 1-2: Ground out 5-3 (Groundball, 56S) Javier Díaz to third Michael Landry to second
|
Batting: RHB Robert Hill
|
0-0: Called Strike 0-1: SINGLE (Groundball, 5D) Javier Díaz scores Michael Landry to third Runner from 3rd tries for Home, SAFE, no throw or cutoff
|
Pitching: LHP Dusty Muhidini
|
|
Batting: RHB Dao-zi Dai
|
0-0: Swinging Strike 0-1: Fly out, F7 (Flyball, 7M)
|
Batting: LHB Eduardo López
|
0-0: Ball 1-0: Ball 2-0: Foul Ball, location: 2F 2-1: Foul Ball, location: 2F 2-2: Strikes out swinging
|
Top of the 6th over - 3 run(s), 3 hit(s), 0 error(s), 1 left on base; Athletic Club KC 6 - Naperville 1 |
BOTTOM OF THE 6TH |
Naperville Battlekings batting - Pitching for Athletic Club KC Reserves : RHP Joe Ellis
|
Batting: RHB Álex Rodríguez
|
0-0: Ground out 6-3 (Groundball, 6M)
|
Batting: RHB Edward Payne
|
0-0: Ball 1-0: Called Strike 1-1: Ball 2-1: Fly out, F7 (Line Drive, 7S)
|
Pitching: RHP Craig Evans
|
|
Batting: SHB Val Brown
|
0-0: Ball 1-0: Ball 2-0: Ball 3-0: Base on Balls
|
Batting: RHB Joe Ferneyhough
|
0-0: Ground out 5-3 (Groundball, 5S)
|
Bottom of the 6th over - 0 run(s), 0 hit(s), 0 error(s), 1 left on base; Athletic Club KC 6 - Naperville 1 |
TOP OF THE 7TH |
Athletic Club KC Reserves batting - Pitching for Naperville Battlekings : LHP Dusty Muhidini
|
Batting: RHB Manuel Villarreal
|
0-0: Called Strike 0-1: Swinging Strike 0-2: Ball 1-2: Ball 2-2: Ball 3-2: Foul Ball, location: 2F 3-2: Base on Balls
|
Batting: RHB Mike Lovell
|
0-0: Bunted foul 0-1: Ball 1-1: Sac Bunt - play at second, runner safe!
|
Batting: LHB Matt Hartnett
|
0-0: Ball 1-0: Sac Bunt - play at first, batter OUT! 1-4 Manuel Villarreal to third Mike Lovell to second
|
Batting: RHB Javier Díaz
|
0-0: Foul Ball, location: 2F 0-1: Ball 1-1: Ball 2-1: Ground out 6-3 (Groundball, 6D) Manuel Villarreal scores
|
Batting: LHB Michael Landry
|
0-0: Called Strike 0-1: Foul Ball, location: 2F 0-2: SINGLE (Groundball, 6MD) Mike Lovell to third Runner from 3rd tries for Home, SAFE, no throw or cutoff
|
Batting: SHB Don Holmes
|
0-0: Ball 1-0: Foul Ball, location: 2F 1-1: Foul Ball, location: 2F 1-2: Ball 2-2: SINGLE (Groundball, 56D) (infield hit) Michael Landry to second
|
Batting: RHB Robert Hill
|
0-0: Called Strike 0-1: Fly out, F7 (Flyball, 7LDF)
|
Top of the 7th over - 2 run(s), 2 hit(s), 0 error(s), 2 left on base; Athletic Club KC 8 - Naperville 1 |
BOTTOM OF THE 7TH |
Naperville Battlekings batting - Pitching for Athletic Club KC Reserves : RHP Craig Evans
|
Batting: LHB Alfonso Martínez
|
0-0: Ball 1-0: Called Strike 1-1: Ball 2-1: Hit by Pitch
|
Batting: RHB Matt Love
|
0-0: Ball 1-0: Called Strike 1-1: Ball 2-1: Foul Ball, location: 2F 2-2: Ball 3-2: Fly out, F8 (Popup, 8LS)
|
Batting: SHB Daryl Lloyd
|
0-0: Ball 1-0: Foul Ball, location: 2F 1-1: Ball 2-1: Swinging Strike 2-2: Ball 3-2: Base on Balls Alfonso Martínez to second
|
Batting: LHB Cristo Ramírez
|
0-0: Ball 1-0: Ball 2-0: Swinging Strike 2-1: Ball 3-1: Foul Ball, location: 2F 3-2: Foul Ball, location: 2F 3-2: Base on Balls Alfonso Martínez to third Daryl Lloyd to second
|
Batting: LHB Joe Cashmore
|
0-0: Foul Ball, location: 2F 0-1: Ball 1-1: SINGLE (Line Drive, 78S) Alfonso Martínez scores Daryl Lloyd to third Cristo Ramírez to second Runner from 3rd tries for Home, SAFE, throw made at trailing runner, SAFE at third!
|
Batting: RHB Álex Rodríguez
|
0-0: Called Strike 0-1: SINGLE (Groundball, 4MD) Cristo Ramírez scores Joe Cashmore to second Runner from 2nd tries for 3rd, SAFE, throw made to third
|
Pitching: LHP António Silva
|
|
Batting: RHB Edward Payne
|
0-0: Ball 1-0: Fly out, F9 (Flyball, 89M)
|
Batting: SHB Val Brown
|
0-0: Ball 1-0: Called Strike 1-1: Ball 2-1: Fielders Choice at 2nd, 6-4 (Groundball, 56)
|
Bottom of the 7th over - 3 run(s), 2 hit(s), 0 error(s), 1 left on base; Athletic Club KC 8 - Naperville 4 |
TOP OF THE 8TH |
Athletic Club KC Reserves batting - Pitching for Naperville Battlekings : LHP Dusty Muhidini
|
Batting: RHB Dao-zi Dai
|
0-0: Foul Ball, location: 2F 0-1: Swinging Strike 0-2: Fly out, F7 (Flyball, 7LSF)
|
Batting: LHB Eduardo López
|
0-0: Ball 1-0: Ball 2-0: SINGLE (Groundball, 34D)
|
Batting: RHB Manuel Villarreal
|
0-0: Called Strike 0-1: Ball 1-1: Foul Ball, location: 2F 1-2: Foul Ball, location: 2F 1-2: Ball 2-2: Ball 3-2: Fly out, F6 (Line Drive, 6)
|
Batting: RHB Mike Lovell
|
0-0: Ball 1-0: Fly out, F9 (Flyball, 89M)
|
Top of the 8th over - 0 run(s), 1 hit(s), 0 error(s), 1 left on base; Athletic Club KC 8 - Naperville 4 |
BOTTOM OF THE 8TH |
Naperville Battlekings batting - Pitching for Athletic Club KC Reserves : LHP António Silva
|
Batting: RHB Joe Ferneyhough
|
0-0: Ball 1-0: Ball 2-0: Ground out 6-3 (Groundball, 6)
|
Batting: LHB Alfonso Martínez
|
0-0: Foul Ball, location: 2F 0-1: Foul Ball, location: 2F 0-2: Strikes out swinging
|
Batting: RHB Matt Love
|
0-0: Called Strike 0-1: Ball 1-1: Ball 2-1: Fly out, F8 (Flyball, 8LM)
|
Bottom of the 8th over - 0 run(s), 0 hit(s), 0 error(s), 0 left on base; Athletic Club KC 8 - Naperville 4 |
TOP OF THE 9TH |
Athletic Club KC Reserves batting - Pitching for Naperville Battlekings : LHP Dusty Muhidini
|
Batting: LHB Matt Hartnett
|
0-0: Called Strike 0-1: SINGLE (Groundball, 34D)
|
Batting: RHB Javier Díaz
|
0-0: Bunted foul 0-1: Sac Bunt - play at first, batter OUT! 5-4 Matt Hartnett to second
|
Pitching: RHP David Francisco
|
|
Batting: LHB Michael Landry
|
0-0: SINGLE (Line Drive, 89M) Matt Hartnett to third Runner from 3rd tries for Home, throw and OUT! Michael Landry to second
|
Batting: SHB Don Holmes
|
0-0: Swinging Strike 0-1: Ball 1-1: Ball 2-1: Ball 3-1: Base on Balls
|
Batting: RHB Robert Hill
|
0-0: Foul Ball, location: 2F 0-1: Ball 1-1: Fly out, F4 (Popup, 89S)
|
Top of the 9th over - 0 run(s), 2 hit(s), 0 error(s), 2 left on base; Athletic Club KC 8 - Naperville 4 |
BOTTOM OF THE 9TH |
Naperville Battlekings batting - Pitching for Athletic Club KC Reserves : LHP António Silva
|
Batting: SHB Daryl Lloyd
|
0-0: Ball 1-0: Ball 2-0: Ball 3-0: Called Strike 3-1: Foul Ball, location: 2F 3-2: Foul Ball, location: 2F 3-2: Fly out, F7 (Flyball, 78M)
|
Batting: LHB Cristo Ramírez
|
0-0: Ball 1-0: Ball 2-0: Called Strike 2-1: Foul Ball, location: 2F 2-2: Strikes out swinging
|
Batting: LHB Joe Cashmore
|
0-0: Ground out 4-3 (Groundball, 4)
|
Bottom of the 9th over - 0 run(s), 0 hit(s), 0 error(s), 0 left on base; Athletic Club KC 8 - Naperville 4 |
|